Map: Terrasses de Prion

Players

ggoverload

  • Race: Terran Terran
  • League: Silver

pupu - Winner!

  • Race: Protoss Protoss
  • League: Silver

VOD

Have the link to the VOD?

Description

Time

  • Played on: April 13, 2016, 9:33 a.m.
  • Length: 19:11
Show
View Real Time Build Order
Export as new Build Order

ggoverload Terran 

Build Orders: Liberator Opening, MMM Bio 

Get SALT Encoding   

  12  0:01  SCV  
  13  0:13  SCV  
  14  0:23  Supply Depot  
  14  0:25  SCV  
  15  0:37  Refinery  
  15  0:44  SCV  
  15  0:46  Barracks  
  16  0:56  SCV  
  17  1:08  SCV  
  18  1:16  Supply Depot  
  18  1:20  SCV  
  19  1:34  Orbital Command  
  19  1:35  Marine  
  20  1:48  Factory  
  20  2:03  Barracks Tech Lab  
  20  2:09  Command Center  
  20  2:10  SCV  
  21  2:17  Refinery  
  21  2:22  SCV  
  22  2:30  Barracks Tech Lab  
  22  2:34  SCV  
  23  2:46  SCV  
  23  2:49  Starport  
  24  2:59  Marine, SCV  
  24  3:04  Siege Tank  
  29  3:11  Supply Depot  
  29  3:16  Liberator  
  29  3:20  Marine  
  30  3:27  Orbital Command  
  33  3:37  SCV  
  34  3:44  Marine  
  35  3:50  SCV  
  35  3:53  Engineering Bay  
  36  4:02  Marine  
  37  4:06  Refinery, Barracks  
  37  4:09  SCV  
  38  4:10  Widow Mine  
  40  4:19  Orbital Command  
  40  4:23  Marine  
  41  4:26  Medivac  
  41  4:30  Stimpack  
  43  4:40  SCV  
  46  4:45  Marauder  
  46  4:49  Cyclone  
  46  4:50  Barracks  
  46  4:51  Refinery  
  49  4:55  SCV  
  49  4:59  Supply Depot  
  50  5:01  Barracks Reactor  
  52  5:07  Marauder  
  52  5:13  Supply Depot  
  52  5:16  SCV  
  53  5:21  Widow Mine  
  53  5:28  Marine  
  56  5:29  Viking  
  59  5:39  Marine x2  
  60  5:45  Marine, Barracks Reactor, Missile Turret  
  61  5:50  Missile Turret  
  61  5:52  Terran Infantry Weapons Level 1, Supply Depot  
  61  5:57  Marine x2  
  61  6:03  Marine  
  64  6:04  Liberator  
  64  6:15  Marine x2  
  63  6:21  Marine  
  58  6:26  Marine  
  58  6:27  Marine  
  58  6:30  Combat Shields  
  58  6:32  Marine  
  60  6:33  Marine  
  60  6:39  Marine  
  61  6:44  Marine  
  61  6:45  Marine  
  63  6:50  Marine x2  
  65  6:57  Marine  
  65  7:00  SCV  
  67  7:02  Marine x2  
  67  7:08  Marine x2  
  69  7:09  Starport Reactor  
  69  7:15  Marine  
  72  7:22  SCV  
  73  7:23  SCV  
  74  7:34  SCV  
  74  7:35  SCV  
  76  7:46  Terran Infantry Armor Level 1  
  76  7:47  SCV x2  
  78  7:59  Supply Depot  
  78  8:06  Concussive Shells  
  78  8:20  Marine x3, SCV, Medivac x2  
  78  8:22  Supply Depot  
  78  8:26  Armory  
  86  8:44  SCV x2  
  86  8:45  Marine x2  
  90  8:50  Marine x2, Medivac  
  94  8:56  Marine, SCV x2  
  87  9:08  SCV x2  
  89  9:14  Marauder  
  89  9:18  Siege Tank  
  89  9:20  SCV x2  
  94  9:37  Supply Depot  
  94  9:40  Terran Infantry Weapons Level 2  
  94  9:48  Marine  
  94  9:49  Marine x3, SCV  
  93  9:54  Marauder  
  79  10:06  Marine  
  69  10:07  Marine x3  
  69  10:11  Siege Tank  
  67  10:15  Marauder  
  66  10:24  Marine  
  66  10:25  Marine x3  
  60  10:36  Marauder  
  60  10:42  Marine  
  59  10:43  Marine x3  
  53  10:50  Medivac  
  55  10:58  Marauder  
  55  10:59  Marine  
  55  11:00  Marine x3  
  46  11:17  Marine  
  38  11:18  Marine x3  
  38  11:19  Marauder  
  38  11:23  Widow Mine  
  44  11:35  Marine  
  44  11:36  Marine x3  
  38  11:40  Marauder  
  36  11:53  Marine  
  31  11:54  Marine x3  
  27  12:02  Marauder, Medivac  
  31  12:11  Marine  
  31  12:12  Marine x3  
  30  12:23  Marine  
  30  12:28  Marine  
  30  12:29  Marine x2  
  29  12:30  Marine  
  28  12:50  Bunker  
  28  12:55  SCV  
  29  13:09  Marine  
  29  13:11  Marauder  
  25  14:05  Orbital Command  
  25  14:14  Bunker  
  25  14:42  Factory Tech Lab  
  25  14:56  Bunker  
  25  14:57  SCV  
  26  15:07  Marauder  
  28  15:18  Marine x2  
  28  15:20  SCV  
  27  15:32  SCV  
  28  15:41  Marine  
  28  15:42  Marine x2  
  31  15:44  SCV  
  31  15:48  Siege Tank  
  35  15:56  SCV  
  36  16:08  SCV  
  32  16:32  Liberator  
  20  16:36  Command Center  
  20  16:39  Marine  
  16  16:46  Widow Mine  
  16  16:47  Marine  
  10  17:06  Marine  
  3  18:08  SCV  
  4  18:45  Marine  
Show
View Real Time Build Order
Export as new Build Order

pupu Protoss - Winner!

Build Orders: Nexus First 

Get SALT Encoding   

  12  0:01  Probe (Chrono Boost)  
  13  0:11  Probe (Chrono Boost)  
  14  0:18  Pylon  
  14  0:22  Probe (Chrono Boost)  
  15  0:55  Nexus  
  15  1:06  Probe (Chrono Boost)  
  16  1:16  Gateway  
  16  1:18  Assimilator  
  16  1:19  Probe (Chrono Boost)  
  17  1:27  Assimilator  
  17  1:29  Probe (Chrono Boost)  
  18  1:40  Probe (Chrono Boost)  
  19  1:50  Probe (Chrono Boost)  
  20  2:04  Cybernetics Core  
  20  2:06  Forge  
  20  2:08  Probe (Chrono Boost)  
  21  2:15  Pylon  
  21  2:17  Probe (Chrono Boost)  
  21  2:21  Probe (Chrono Boost)  
  23  2:28  Pylon  
  23  2:32  Probe (Chrono Boost)  
  23  2:34  Probe (Chrono Boost)  
  25  2:37  Warp Gate (Chrono Boost)  
  25  2:51  Twilight Council  
  25  2:54  Probe (Chrono Boost)  
  25  2:55  Probe (Chrono Boost)  
  27  3:11  Robotics Facility  
  27  3:14  Pylon  
  27  3:18  Probe, Pylon  
  28  3:20  Probe  
  28  3:25  Assimilator  
  29  3:30  Pylon  
  29  3:31  Probe  
  30  3:36  Stalker  
  30  3:38  Mothership Core  
  34  3:43  Probe  
  34  3:45  Charge (Chrono Boost)  
  35  3:59  Warp Prism  
  37  4:11  Gateway  
  37  4:12  Gateway  
  37  4:16  Probe x2  
  39  4:17  Pylon  
  39  4:26  Photon Cannon  
  39  4:28  Probe x2  
  41  4:37  Pylon  
  41  4:38  Protoss Ground Weapons Level 1 (Chrono Boost)  
  41  4:40  Probe, Observer, Pylon  
  41  4:43  Probe  
  44  4:52  Probe  
  45  4:55  Probe  
  45  4:57  Pylon  
  46  5:04  Probe, Gateway  
  47  5:07  Gateway  
  47  5:10  Pylon  
  47  5:11  Probe  
  47  5:12  Pylon  
  48  5:16  Probe  
  48  5:18  Zealot x3  
  55  5:24  Probe  
  56  5:28  Probe  
  56  5:33  Immortal (Chrono Boost)  
  61  5:40  Zealot  
  61  5:41  Zealot  
  65  5:43  Zealot  
  67  5:50  Probe x2  
  69  6:07  Zealot x3  
  61  6:49  Zealot x5  
  75  6:54  Immortal (Chrono Boost)  
  75  7:03  Probe x2  
  75  7:05  Protoss Ground Armor Level 1  
  77  7:10  Assimilator  
  77  7:12  Pylon  
  77  7:13  Zealot  
  77  7:14  Zealot x4  
  87  7:26  Probe x2  
  89  7:38  Immortal (Chrono Boost)  
  93  7:47  Zealot x5  
  103  8:10  Gateway  
  103  8:11  Stalker x5  
  113  8:16  Gateway  
  113  8:22  Gateway  
  113  8:24  Gateway  
  113  8:26  Pylon  
  113  8:31  Pylon  
  113  8:40  Stalker x3  
  113  8:41  Stalker x2  
  123  9:10  Stalker x4  
  123  9:11  Stalker  
  103  10:05  Stalker x4  
  103  10:06  Stalker x3  
  101  10:29  Zealot  
  81  11:21  Stalker x5  
  81  11:22  Stalker x2  
  95  11:28  Immortal (Chrono Boost)  
  73  12:28  Zealot x6  
  73  12:29  Zealot  
  79  12:42  Observer (Chrono Boost)  
  80  12:49  Probe  
  80  12:50  Probe  
  82  13:07  Nexus  
  82  13:19  Nexus  
  82  13:20  Probe  
  82  13:21  Probe  
  82  13:22  Pylon  
  82  13:24  Pylon  
  82  13:25  Pylon  
  82  13:33  Probe  
  67  13:50  Zealot x2  
  67  13:51  Zealot x5  
  81  14:31  Stargate x2  
  79  14:34  Probe x2  
  81  14:46  Probe x2  
  83  14:53  Warp Prism (Chrono Boost)  
  83  14:56  Sentry  
  83  14:57  Sentry  
  83  14:58  Probe x2, Sentry  
  93  15:00  Sentry  
  93  15:02  Sentry  
  93  15:03  Sentry  
  99  15:10  Probe x2  
  91  15:37  Stalker x3  
  91  15:38  Stalker x6  
  109  15:55  Phoenix x2  
  117  16:04  Immortal (Chrono Boost)  
  115  16:20  Phoenix x2  
  105  16:33  Zealot x5  
  105  16:34  Zealot x4  
  122  17:08  Probe x2  
  123  17:17  Gateway  
  123  17:18  Gateway  
  123  17:20  Probe, Gateway  
  124  17:23  Pylon  
  124  17:25  Pylon  
  124  17:28  Assimilator, Pylon  
  124  17:32  Photon Cannon, Assimilator  
  124  17:33  Phoenix  
  124  17:34  Photon Cannon, Pylon  
  124  17:35  Phoenix  
  124  17:36  Photon Cannon, Pylon  
  128  17:40  Photon Cannon  
  128  17:41  Photon Cannon  
  128  17:45  Assimilator  
  128  17:46  Assimilator  
  128  17:47  Zealot x4  
  126  18:29  Zealot x3  
  126  18:30  Zealot x6  
  144  18:55  Stalker x2  
  144  18:56  Stalker x5  
  144  18:57  Stalker  
Tags
 
Add a new tag
Caveats
  • Supply blocks, unpowered buildings, or Contaminate may cause inaccurate times.
  • Supply counts are checked every 10 seconds.